 Dungeon Crawl Stone Soup version 0.20-a0-920-gb18bc0f (webtiles) character file.

198236 Ijustatesigmund the Commander (level 18, -11/112 HPs)
             Began as a Gargoyle Wizard on Mar 23, 2017.
             Was a High Priest of Okawaru.
             Mangled by an Ice Fiend (12 damage)
             ... in an ice cave on Mar 25, 2017.
             The game lasted 03:53:53 (45680 turns).

Ijustatesigmund the Commander (Gargoyle Wizard)    Turns: 45680, Time: 03:53:54

Health: -11/112    AC: 35    Str: 11    XL:     18   Next: 88%
Magic:  4/32       EV: 13    Int: 38    God:    Okawaru [*****.]
Gold:   1264       SH:  7    Dex:  8    Spells: 7/37 levels left

rFire    + . .     SeeInvis .   K - +8 morningstar (protect)
rCold    + . .     Gourm    .   G - +2 buckler of Free Will {Int+5}
rNeg     + . .     Faith    .   q - +1 leather armour "Iniqikub" {Slay+6}
rPois    ∞         Spirit   .   a - +2 helmet
rElec    +         Reflect  .   X - scarf {repulsion}
rCorr    +         Harm     .   x - +2 pair of gloves
MR       +....                  e - +1 pair of boots {run}
Stlth    +.........             t - amulet of regeneration
Regen    0.7/turn               V - +6 ring of intelligence
MPRegen  0.3/turn               s - +2 ring of slaying

@: resistant, protection aura, flying, repel missiles, quick
A: big wings, negative energy resistance 1, electricity resistance, unbreathing,
petrification resistance, rot immunity, AC +13
a: Stop Flying, Heroism, Finesse, Renounce Religion


You were in an ice cave.
You worshipped Okawaru.
Okawaru was extremely pleased with you.
You were hungry.

You visited 8 branches of the dungeon, and saw 33 of its levels.
You visited the Abyss 2 times.
You also visited: Labyrinth and Ice Cave.

You collected 2825 gold pieces.
You spent 1561 gold pieces at shops.

Inventory:

Hand Weapons
 K - a +8 morningstar of protection (weapon)
Missiles
 i - 13 poisoned javelins (quivered)
Armour
 a - a +2 helmet (worn)
 e - a +1 pair of boots of running (worn)
 q - the +1 leather armour "Iniqikub" (worn) {Slay+6}
   (You found it on level 5 of the Lair of Beasts)

   It affects your accuracy and damage with ranged weapons and melee attacks
   (+6).
 x - a +2 pair of gloves (worn)
 D - the +11 shadow dragon scales of Huujegh {rPois Int+4 SInv Stlth++++}
   (Okawaru gifted it to you on level 1 of the Snake Pit)

   It affects your intelligence (+4).
   It protects you from poison.
   It lets you see invisible.
   It makes you much more stealthy.
 G - the +2 buckler of Free Will (worn) {Int+5}
   (Okawaru gifted it to you on level 5 of the Lair of Beasts)

   It affects your intelligence (+5).
 R - a +0 troll leather armour
 X - a scarf of repulsion (worn)
Jewellery
 j - an uncursed amulet of rage
 s - a +2 ring of slaying (right hand)
 t - an amulet of regeneration (around neck)
 V - a +6 ring of intelligence (left hand)
 Z - an uncursed ring of protection from fire
Wands
 b - a wand of acid (9/15)
 h - a wand of digging (0/24)
 o - a wand of acid (0/15)
 r - a wand of flame (29/48)
 z - a wand of digging (7/24)
 P - a wand of disintegration (12/24)
 U - a wand of scattershot (2/9)
Scrolls
 g - 7 scrolls of remove curse
 l - 2 scrolls of holy word
 m - a scroll of enchant weapon
 n - 7 scrolls of teleportation
 y - 3 scrolls of blinking
 A - 3 scrolls of fear
 C - 2 scrolls of immolation
 F - a scroll of brand weapon
 H - a scroll of identify
 L - 3 scrolls of fog
 M - a scroll of summoning
 Q - a scroll of recharging
Potions
 k - a potion of lignification
 p - a potion of ambrosia
 u - a potion of cancellation
 v - 5 potions of curing
 w - 3 potions of haste
 B - 3 potions of invisibility
 J - 2 potions of magic
 O - 3 potions of mutation
 T - 3 potions of agility
 W - 2 potions of brilliance
Miscellaneous
 c - a phial of floods
Comestibles
 d - 10 bread rations
 f - 8 meat rations


   Skills:
 - Level 12.3 Fighting
 - Level 11.6 Maces & Flails
 + Level 12.5 Armour
 - Level 4.4 Dodging
 - Level 2.1 Stealth
 - Level 6.6 Shields
 - Level 10.2 Spellcasting
 - Level 12.8 Conjurations
 - Level 4.2 Charms
 - Level 9.0 Summonings
 + Level 3.6 Translocations
 - Level 4.3 Air Magic
 - Level 10.6 Earth Magic
 - Level 5.9 Poison Magic
 - Level 15.0 Invocations


You had 7 spell levels left.
You knew the following spells:

 Your Spells              Type           Power        Failure   Level  Hunger
a - Magic Dart            Conj           ####         0%          1    None
b - Blink                 Tloc           N/A          1%          2    None
c - Conjure Flame         Conj/Fire      ######..     1%          3    None
d - Mephitic Cloud        Conj/Pois/Air  ######..     1%          3    None
e - Iron Shot             Conj/Erth      #######...   3%          6    ####...
f - Iskenderun's Battles  Conj/Chrm      ######..     1%          5    #......
g - Apportation           Tloc           #####.       1%          1    None
h - Swiftness             Chrm/Air       ######..     1%          2    None
i - Spellforged Servitor  Conj/Summ      #######...   28%         7    ######.


Dungeon Overview and Level Annotations

Branches:
Dungeon (15/15)            Temple (1/1) D:7            Lair (6/6) D:10
 Shoals (2/4) Lair:4        Snake (3/4) Lair:2        Slime (0/5) Lair:5
    Orc (2/2) D:11            Elf (2/3) Orc:2        Vaults (0/5) D:13
 Depths (2/5) D:15

Altars:
Ashenzari
Cheibriados
Dithmenos
Elyvilon
Fedhas
Gozag
Hepliaklqana
Kikubaaqudgha
Makhleb
Nemelex Xobeh
Okawaru
Qazlal
Ru
Sif Muna
Uskayaw
Wu Jian
Xom
Yredelemnul
Zin
The Shining One
Beogh

Shops:
D:6 ?   D:15 *   Orc:2 ([!!

Portals:
Hell: Depths:1
Abyss: Depths:1
Pandemonium: Depths:1
Ziggurat: Depths:1

Annotations:
D:13 Rupert
Snake:3 Mara
Elf:1 Louise


Innate Abilities, Weirdness & Mutations

You are resistant to torment.
Your stone body is resilient. (AC +13)
You are immune to poison.
Your large and strong wings let you fly indefinitely.
You resist negative energy. (rN+)
You are resistant to electric shocks. (rElec)
You can survive without breathing.
You are immune to petrification.
You are immune to rotting.


Message History

You puncture the Ice Fiend!
The Ice Fiend is almost dead.
You are engulfed in freezing vapours.
You resist. The Ice Fiend gestures at you. The bolt of cold hits you!
You resist.
You sock the Ice Fiend!
The Ice Fiend is almost dead.
You are engulfed in freezing vapours.
You resist.
* * * LOW HITPOINT WARNING * * *
The Ice Fiend claws you but does no damage.
The Ice Fiend claws you.
* * * LOW HITPOINT WARNING * * *
The Ice Fiend freezes you! You resist.
* * * LOW HITPOINT WARNING * * *
You feel better.
You are engulfed in freezing vapours.
You resist.
* * * LOW HITPOINT WARNING * * *
The Ice Fiend claws you!
* * * LOW HITPOINT WARNING * * *
The Ice Fiend freezes you! You resist.
You die...

##......## ##......######≈.#...
##...###..####.....##..##≈≈##.#..
#..⌠..###...#....######≈≈≈#####.#
##...## ###....###≈≈≈#≈≈≈## ###
###..# #######.)##≈≈≈≈≈≈≈## ##
#..####§§####(#.##≈≈≈≈≈≈≈# ###.
###..#.##§§####≈≈≈≈≈≈≈≈≈≈###§§#
###.#####§§####§≈≈≈≈≈≈≈#§§### ###
###§@14#≈≈≈≈≈≈##§§§##
####W###≈≈≈##§§####
#§.##≈≈≈####§### #1§####≈≈≈≈
##§.# §§4## ≈≈≈≈≈##..§# .§§§#
≈≈≈≈≈###.. ...§§# ### ..§.. #
....


You could see an Ice Fiend, an ice devil and a freezing wraith.

Vanquished Creatures
  Vashnia (Snake:2)
  A lich (Depths:1)
  2 tentacled starspawn (Abyss:3)
  2 fire giants (Depths:1)
  2 frost giants
  2 orc warlords
  2 stone giants (Depths:1)
  6 very ugly things (Depths:1)
  The ghost of inmateoo the Basher, a journeyman DsFi of Wu Jian (D:15)
  Nessos (Lair:4)
  A dire elephant (Lair:6)
  2 ettins (Depths:1)
  A merfolk javelineer (Depths:1)
  A minotaur (Lab)
  2 deep elf death magi (Elf:1)
  2 green deaths (Abyss:3)
  2 merfolk impalers
  2 fire dragons
  Josephine (D:15)
  A yaktaur captain (Depths:1)
  A great orb of eyes (D:15)
  Erolcha (D:9)
  9 naga warriors
  Harold (D:10)
  An ice dragon (Depths:1)
  5 hydras
  A merfolk avatar (Shoals:2)
  6 centaur warriors
  Erica (D:10)
  A queen ant (Lair:3)
  A catoblepas (Lair:6)
  3 deep troll shamans
  6 tengu warriors
  3 dancing weapons (Elf:1)
  5 anacondas
  A death knight (D:15)
  18 two-headed ogres
  4 death yaks (Lair:6)
  3 ogre magi
  3 orc high priests
  2 thrashing horrors (Abyss:3)
  Urug (D:14)
  A titan zombie (Abyss:2)
  5 shock serpents
  A sun demon (Abyss:3)
  4 naga sharpshooters (Snake:2)
  A soul eater (Depths:1)
  7 deep elf knights (Elf:1)
  3 iron trolls (Depths:1)
  6 sea snakes
  2 wizards (Depths:1)
  8 small abominations
  3 unseen horrors
  A naga ritualist (Snake:2)
  An orc knight (Orc:2)
  A deep elf archer (Elf:1)
  23 ugly things
  4 mana vipers
  2 wolf spiders (D:15)
  A necromancer (D:13)
  16 harpies (Shoals:1)
  5 manticores
  4 fauns
  4 oklob plants (Lair:5)
  2 cyclopes
  18 deep elf magi
  6 orc sorcerers
  7 salamanders
  4 elephants (Lair:6)
  A worldbinder (Abyss:3)
  Joseph (D:8)
  5 guardian serpents
  2 merfolk sirens (Shoals:2)
  8 naga magi
  A gargoyle (D:10)
  An ice statue (IceCv)
  7 centaur skeletons
  A water nymph (Shoals:1)
  8 black mambas
  A demonic crawler (Abyss:2)
  14 spiny frogs
  8 yaktaurs
  A rime drake (Lair:3)
  2 kobold demonologists
  2 ice devils (IceCv)
  8 komodo dragons
  4 freezing wraiths
  A queen bee (Lair:6)
  5 trolls
  An ancient zyme (Abyss:3)
  2 tengu conjurers
  3 anaconda simulacra (IceCv)
  A red devil (Depths:1)
  A hellwing (Depths:1)
  A troll (shapeshifter) (D:15)
  A wind drake (Shoals:2)
  7 large abominations
  5 meliai
  3 polar bears
  A blink frog (shapeshifter) (D:15)
  A harpy skeleton (D:15)
  4 merfolk
  A wolf spider simulacrum (IceCv)
  13 hippogriffs
  2 hornets
  A raiju (shapeshifter) (D:15)
  12 blink frogs
  3 snapping turtles
  9 slime creatures
  A meliai zombie (D:14)
  6 wraiths (D:15)
  2 dire elephant simulacra (IceCv)
  A spriggan (D:8)
  A shadow (D:12)
  3 wyverns
  25 yaks
  A vampire (D:12)
  14 water elementals
  6 basilisks
  A neqoxec (Abyss:2)
  Grum (D:8)
  3 hungry ghosts
  6 vampire mosquitoes (D:15)
  A steam dragon (D:10)
  A death yak simulacrum (IceCv)
  19 nagas
  5 harpy simulacra (IceCv)
  4 wargs
  4 insubstantial wisps (Abyss:3)
  A spatial vortex (Abyss:3)
  12 soldier ants
  3 iron troll simulacra (IceCv)
  2 acid dragons
  2 hydra simulacra (IceCv)
  10 water moccasins
  8 porcupines
  An acid dragon (shapeshifter) (Depths:1)
  38 orc warriors
  3 sky beasts
  3 phantoms
  A black bear (D:7)
  2 eyes of draining
  12 ice beasts
  An ogre (shapeshifter) (D:14)
  11 ogres
  24 centaurs
  13 wolves
  9 crocodiles
  5 big kobolds
  16 bullfrogs
  2 wyvern zombies
  3 earth elementals
  A water moccasin zombie (D:11)
  3 jellies
  A wyvern skeleton (D:15)
  4 scorpions
  3 troll skeletons (Lab)
  A vampire bat (Lair:1)
  17 killer bees
  16 wights
  A swamp dragon simulacrum (IceCv)
  5 electric eels
  8 howler monkeys
  5 centaur zombies
  4 quasits
  5 crimson imps
  6 hounds
  3 bullfrog zombies
  4 draconian simulacra (IceCv)
  21 orc wizards
  23 orc priests
  2 bullfrog skeletons
  6 iguanas
  23 worker ants
  3 troll simulacra (IceCv)
  A spriggan simulacrum (IceCv)
  2 wolf simulacra (IceCv)
  2 killer bee zombies
  A centaur simulacrum (IceCv)
  2 worker ant zombies
  8 gnolls
  An ogre simulacrum (IceCv)
  18 adders
  6 naga simulacra (IceCv)
  3 shadow imps
  8 white imps
  7 ufetubi
  An adder skeleton (D:3)
  5 leopard geckos
  95 orcs
  A ball python (D:6)
  4 giant cockroaches
  8 goblins
  4 hobgoblins
  11 jackals
  4 quokkas
  12 bats
  A frilled lizard (D:2)
  34 kobolds
  A leopard gecko skeleton (D:7)
  2 quokka skeletons (D:6)
  6 rats
  A plant (Depths:1)
1106 creatures vanquished.

Vanquished Creatures (collateral kills)
  A naga sharpshooter (Snake:2)
  A meliai (Lair:6)
  2 yaks
  2 porcupines (Lair:1)
  2 killer bees (Lair:6)
8 creatures vanquished.

Vanquished Creatures (others)
  A scorpion (D:5)
  An ufetubus (IceCv)
  15 fungi
  44 plants
  11 starspawn tentacles (Abyss:3)
72 creatures vanquished.

Grand Total: 1186 creatures vanquished

Notes
Turn   | Place    | Note
-------+----------+-------------------------------------------
     0 | D:1      | Ijustatesigmund the Gargoyle Wizard began the quest for the Orb.
     0 | D:1      | Reached XP level 1. HP: 10/10 MP: 4/4
   299 | D:1      | Reached XP level 2. HP: 15/15 MP: 3/6
   416 | D:1      | Learned a level 2 spell: Blink
  1086 | D:2      | Reached XP level 3. HP: 19/19 MP: 2/7
  1093 | D:2      | Learned a level 3 spell: Conjure Flame
  1331 | D:2      | Found an ancient bone altar of Kikubaaqudgha.
  1331 | D:2      | Found a shimmering altar of Xom.
  2312 | D:3      | Reached XP level 4. HP: 22/24 MP: 0/8
  2570 | D:3      | Reached skill level 5 in Conjurations
  2627 | D:3      | Learned a level 3 spell: Mephitic Cloud
  2662 | D:3      | Reached XP level 5. HP: 28/28 MP: 6/9
  2698 | D:3      | Reached skill level 1 in Translocations
  3081 | D:4      | Noticed an ogre
  3096 | D:4      | Reached skill level 1 in Poison Magic
  3131 | D:5      | Entered Level 5 of the Dungeon
  3204 | D:5      | Reached skill level 1 in Air Magic
  3209 | D:5      | Reached XP level 6. HP: 28/32 MP: 1/10
  3370 | D:5      | Noticed a phantom
  3401 | D:5      | Killed a phantom
  3595 | D:5      | Reached skill level 1 in Fighting
  3595 | D:5      | Reached skill level 1 in Maces & Flails
  3887 | D:5      | Reached XP level 7. HP: 30/40 MP: 2/11
  3987 | D:5      | Noticed a yak
  3987 | D:5      | Noticed a yak
  3987 | D:5      | Noticed a yak
  4009 | D:5      | Killed a yak
  4014 | D:5      | Killed a yak
  4018 | D:5      | Killed a yak
  4018 | D:5      | Reached XP level 8. HP: 33/46 MP: 4/12
  4968 | D:6      | Reached skill level 5 in Fighting
  5113 | D:6      | Found Deyniamm's Magic Scroll Shop.
  5121 | D:6      | Bought a scroll of identify for 28 gold pieces
  5121 | D:6      | Bought a scroll of identify for 28 gold pieces
  5543 | D:7      | Got a scorched leather armour
  5554 | D:7      | Identified the +1 leather armour of Gluttony {-Tele rN+ Int+3} (You found it on level 7 of the Dungeon)
  5644 | D:7      | Reached skill level 5 in Maces & Flails
  5696 | D:7      | Found a staircase to the Ecumenical Temple.
  5702 | Temple   | Entered the Ecumenical Temple
  5872 | Temple   | Became a worshipper of Warmaster Okawaru
  5907 | D:7      | Reached XP level 9. HP: 50/55 MP: 6/14
  6533 | D:7      | Reached skill level 5 in Spellcasting
  6700 | D:7      | Reached * piety under Okawaru
  7010 | D:8      | Noticed Joseph
  7043 | D:8      | Noticed Grum
  7184 | D:8      | Killed Grum
  7184 | D:8      | Reached skill level 5 in Poison Magic
  7190 | D:8      | Killed Joseph
  7190 | D:8      | Reached ** piety under Okawaru
  7190 | D:8      | Reached XP level 10. HP: 56/60 MP: 15/20
  7339 | D:8      | Found a glowing silver altar of Zin.
  7408 | D:8      | Found a shattered altar of Ashenzari.
  8270 | D:8      | Reached *** piety under Okawaru
  8358 | D:9      | Reached skill level 1 in Invocations
  8595 | D:9      | Noticed Erolcha
  8628 | D:9      | Killed Erolcha
  8628 | D:9      | Reached skill level 3 in Invocations
  8732 | D:9      | Noticed a two-headed ogre
  8757 | D:9      | Killed a two-headed ogre
  8757 | D:9      | Reached skill level 4 in Invocations
  9423 | D:10     | Entered Level 10 of the Dungeon
  9442 | D:10     | Learned a level 6 spell: Iron Shot
  9472 | D:10     | Reached skill level 1 in Earth Magic
  9673 | D:10     | Reached XP level 11. HP: 64/64 MP: 14/21
  9718 | D:10     | Reached skill level 5 in Invocations
  9741 | D:10     | Noticed Harold
  9750 | D:10     | Killed Harold
  9755 | D:10     | Reached skill level 6 in Invocations
 10615 | D:10     | Noticed Erica
 10629 | D:10     | Killed Erica
 10795 | D:10     | Reached skill level 5 in Earth Magic
 10901 | D:10     | Found a staircase to the Lair.
 11493 | D:10     | Learned a level 5 spell: Iskenderun's Battlesphere
 11558 | D:11     | Found a staircase to the Orcish Mines.
 11569 | Orc:1    | Entered Level 1 of the Orcish Mines
 11569 | Orc:1    | Noticed an orc sorcerer
 11571 | Orc:1    | Noticed an orc sorcerer
 11573 | Orc:1    | Noticed an orc warlord
 11574 | Orc:1    | Killed an orc sorcerer
 11574 | Orc:1    | Reached **** piety under Okawaru
 11701 | D:11     | Reached skill level 1 in Charms
 11962 | D:11     | Noticed a two-headed ogre
 11976 | D:11     | Killed a two-headed ogre
 13656 | D:12     | Killed an unseen horror
 13656 | D:12     | Reached ***** piety under Okawaru
 13656 | D:12     | Reached skill level 10 in Conjurations
 13656 | D:12     | Reached XP level 12. HP: 52/69 MP: 22/22
 14175 | D:12     | Noticed a tengu warrior
 14184 | D:12     | Killed a tengu warrior
 14184 | D:12     | Reached skill level 7 in Invocations
 14507 | D:12     | Found a shimmering altar of Xom.
 15306 | D:13     | Found a labyrinth entrance.
 15327 | D:13     | Reached skill level 8 in Invocations
 15385 | Lab      | Entered a labyrinth
 15671 | Lab      | Noticed a minotaur
 15675 | Lab      | Killed a minotaur
 15710 | Lab      | Got a dazzling great sword
 15710 | Lab      | Got a steaming plate armour
 15711 | Lab      | Identified the cursed +1 great sword of Woxergho {flame, rC+ MR+} (You found it in a labyrinth)
 15722 | Lab      | Identified the +7 plate armour "Hautono" {rElec} (You found it in a labyrinth)
 15782 | D:13     | Noticed a two-headed ogre
 15788 | D:13     | Killed a two-headed ogre
 15807 | D:13     | Received a gift from Okawaru
 15907 | D:13     | Found a gate to the Vaults.
 15964 | D:13     | Noticed a centaur warrior
 15973 | D:13     | Killed a centaur warrior
 15973 | D:13     | Reached skill level 9 in Invocations
 16296 | D:13     | Noticed Rupert
 16455 | Lair:1   | Entered Level 1 of the Lair of Beasts
 16584 | Lair:1   | Reached XP level 13. HP: 72/78 MP: 19/24
 17125 | Lair:1   | Found a sacrificial altar of Ru.
 17222 | Lair:1   | Learned a level 1 spell: Apportation
 17808 | Lair:2   | Reached ****** piety under Okawaru
 18074 | Lair:2   | Found a staircase to the Snake Pit.
 18189 | Lair:2   | Received a gift from Okawaru
 18448 | Lair:2   | Reached skill level 10 in Invocations
 20906 | Lair:4   | Got an encrusted scale mail
 20924 | Lair:4   | Noticed Nessos
 20982 | Lair:4   | Killed Nessos
 20982 | Lair:4   | Reached skill level 10 in Earth Magic
 21203 | Lair:4   | Found a staircase to the Shoals.
 21739 | Lair:4   | Identified the +5 scale mail of Asoacaz {Regen+ rCorr Int+3 Slay-4} (You found it on level 4 of the Lair of Beasts)
 22135 | Lair:5   | Received a gift from Okawaru
 22138 | Lair:5   | Got a spiked buckler {god gift}
 22144 | Lair:5   | Identified the +2 buckler of Free Will {Int+5} (Okawaru gifted it to you on level 5 of the Lair of Beasts)
 22335 | Lair:5   | Reached skill level 1 in Shields
 22571 | Lair:5   | Gained mutation: Your large and strong wings let you fly indefinitely. [Gargoyle growth]
 22571 | Lair:5   | Reached XP level 14. HP: 59/84 MP: 16/26
 22588 | Lair:5   | Found a staircase to the Slime Pits.
 22696 | Lair:5   | You fall through a shaft!
 22696 | Lair:6   | Entered Level 6 of the Lair of Beasts
 22828 | Lair:5   | Got a distressingly furry leather armour
 22903 | Lair:5   | Identified the cursed +1 leather armour "Iniqikub" {Slay+6} (You found it on level 5 of the Lair of Beasts)
 22962 | Lair:5   | Reached skill level 1 in Armour
 23400 | Lair:6   | Reached skill level 5 in Shields
 23929 | Lair:6   | Noticed a dire elephant
 23989 | Lair:6   | Killed a dire elephant
 23989 | Lair:6   | Reached skill level 5 in Armour
 24591 | Lair:6   | Received a gift from Okawaru
 25749 | Lair:1   | Learned a level 2 spell: Swiftness
 25757 | Lair:1   | Learned a level 7 spell: Spellforged Servitor
 25896 | D:6      | Bought a scroll of acquirement for 728 gold pieces
 25896 | D:6      | Bought a scroll of teleportation for 42 gold pieces
 25896 | D:6      | Bought a scroll of enchant armour for 105 gold pieces
 25896 | D:6      | Bought a scroll of enchant weapon for 105 gold pieces
 25896 | D:6      | Bought a scroll of teleportation for 42 gold pieces
 25905 | D:6      | Identified a +0 pair of boots of running (You acquired it on level 6 of the Dungeon)
 26041 | Orc:1    | Reached skill level 1 in Summonings
 26352 | D:11     | Killed an orc warlord
 26352 | D:11     | Received a gift from Okawaru
 26794 | Orc:2    | Entered Level 2 of the Orcish Mines
 26978 | Orc:1    | Paralysed by an orc sorcerer for 6 turns
 27144 | Orc:1    | Found a roughly hewn altar of Beogh.
 27458 | Orc:2    | Found a roughly hewn altar of Beogh.
 27889 | Orc:2    | Found a staircase to the Elven Halls.
 27961 | Orc:2    | Found a roughly hewn altar of Beogh.
 27961 | Orc:2    | Found Jeimopt's Distillery.
 28018 | Orc:2    | Bought a potion of might for 68 gold pieces
 28018 | Orc:2    | Bought a potion of heal wounds for 85 gold pieces
 28129 | Orc:2    | Found a roughly hewn altar of Beogh.
 28254 | Orc:2    | Found a roughly hewn altar of Beogh.
 28317 | Orc:2    | Found a roughly hewn altar of Beogh.
 28441 | Orc:2    | Found a roughly hewn altar of Beogh.
 28442 | Orc:2    | Found Son Diso's Distillery.
 28451 | Orc:2    | Reached XP level 15. HP: 77/90 MP: 15/27
 28461 | Orc:2    | Bought a potion of heal wounds for 55 gold pieces
 28461 | Orc:2    | Bought 2 potions of haste for 220 gold pieces
 28461 | Orc:2    | Bought a potion of heal wounds for 55 gold pieces
 28658 | Orc:2    | Noticed an orc warlord
 28835 | Orc:2    | Found Vaerr's Antique Armour Boutique.
 28845 | Orc:2    | Found Piacuk Ysowk's Antique Weapon Shop.
 28846 | Orc:2    | Found a roughly hewn altar of Beogh.
 28893 | Orc:2    | Killed an orc warlord
 29079 | Elf:1    | Entered Level 1 of the Elven Halls
 29112 | Elf:1    | Received a gift from Okawaru
 29218 | Elf:1    | Reached skill level 5 in Summonings
 29499 | Elf:1    | Reached skill level 11 in Invocations
 30638 | Elf:1    | Reached skill level 12 in Invocations
 30780 | Elf:1    | Noticed Louise
 30827 | Elf:1    | Cast into level 3 of the Abyss (Louise)
 30980 | Abyss:3  | Noticed a tentacled starspawn
 30983 | Abyss:3  | Noticed a tentacled starspawn
 30988 | Abyss:3  | Killed a tentacled starspawn
 31016 | Abyss:3  | Killed a tentacled starspawn
 31016 | Abyss:3  | HP: 3/90 [sun demon (14)]
 31201 | Abyss:3  | Received a gift from Okawaru
 31239 | Elf:1    | Escaped the Abyss
 31494 | Orc:2    | Upgraded the game from 0.20-a0-910-gb611367 to 0.20-a0-920-gb18bc0f
 31698 | D:13     | Found a shimmering altar of Xom.
 31799 | D:13     | Reached XP level 16. HP: 77/96 MP: 28/28
 32385 | D:14     | Noticed Urug
 32410 | D:14     | Killed Urug
 32524 | D:14     | Reached skill level 13 in Invocations
 32970 | D:15     | Entered Level 15 of the Dungeon
 32990 | D:15     | Received a gift from Okawaru
 32996 | D:15     | Got a warped quarterstaff {god gift}
 33002 | D:15     | Identified the +2 quarterstaff of Currency {distort, *Rage rF- Str+8 Int+3} (Okawaru gifted it to you on level 15 of the Dungeon)
 33473 | D:15     | Noticed inmateoo's ghost (journeyman DsFi)
 33484 | D:15     | Killed inmateoo's ghost
 33718 | D:15     | Reached skill level 10 in Fighting
 34102 | D:15     | Noticed Josephine
 34108 | D:15     | Killed Josephine
 34134 | D:15     | Received a gift from Okawaru
 34137 | D:15     | Got a pair of warped boots {god gift}
 34148 | D:15     | Identified the +0 pair of boots of True Grit {SInv} (Okawaru gifted it to you on level 15 of the Dungeon)
 34229 | D:15     | Found a staircase to the Depths.
 34390 | D:15     | Reached skill level 10 in Maces & Flails
 34530 | D:15     | Found Biakaymm's Demolitions Depot.
 34745 | Depths:1 | Entered Level 1 of the Depths
 35132 | Depths:1 | Reached skill level 14 in Invocations
 35136 | Depths:1 | Noticed a lich
 35142 | Depths:1 | Killed a lich
 35227 | Depths:1 | Found a one-way gate to the infinite horrors of the Abyss.
 35718 | Depths:1 | Reached XP level 17. HP: 80/104 MP: 8/29
 35864 | Depths:1 | Received a gift from Okawaru
 36333 | Depths:1 | Found a one-way gate leading to the halls of Pandemonium.
 36939 | Depths:1 | Found a gateway to a ziggurat.
 36999 | Depths:1 | Received a gift from Okawaru
 37337 | Depths:1 | Reached skill level 15 in Invocations
 38208 | Depths:1 | Found a gateway to Hell.
 38553 | Depths:1 | Received a gift from Okawaru
 38713 | Depths:1 | Got a polished flail {god gift}
 38714 | Depths:1 | Identified the +8 flail "Boefaniph" {crush, *Corrode rF+ Int+2 SInv} (Okawaru gifted it to you on level 1 of the Depths)
 39164 | Snake:1  | Entered Level 1 of the Snake Pit
 39768 | Snake:1  | Reached skill level 10 in Spellcasting
 40024 | Snake:1  | Received a gift from Okawaru
 40027 | Snake:1  | Got steaming shadow dragon scales {god gift}
 40140 | Lair:2   | Identified the +11 shadow dragon scales of Huujegh {rPois Int+4 SInv Stlth++++} (Okawaru gifted it to you on level 1 of the Snake Pit)
 40158 | Snake:1  | Reached XP level 18. HP: 112/112 MP: 32/32
 40599 | Snake:2  | Noticed Vashnia
 41100 | Snake:2  | Killed Vashnia
 42095 | Snake:2  | Reached skill level 10 in Armour
 42184 | Snake:3  | Noticed Mara
 42186 | Snake:3  | Noticed Ijustatesigmund's illusion
 42457 | Shoals:1 | Entered Level 1 of the Shoals
 42828 | Shoals:1 | Cast into level 2 of the Abyss (merfolk impaler)
 43003 | Shoals:1 | Escaped the Abyss
 43017 | Shoals:1 | Received a gift from Okawaru
 43020 | Shoals:1 | Got a crude chain mail {god gift}
 44073 | Shoals:1 | Identified the +1 chain mail of Polish {rC+ rN++ Int-4 Stlth+} (Okawaru gifted it to you on level 1 of the Shoals)
 44198 | Shoals:2 | Found a frozen archway.
 44235 | IceCv    | Entered an ice cave
 45645 | IceCv    | Noticed an Ice Fiend
 45680 | IceCv    | HP: 1/112 [Ice Fiend (17)]
 45680 | IceCv    | Mangled by an Ice Fiend

Vault maps used:
D:1:      erik_arrival_triangle_huge
D:2:      amethyst_overflow_temple_binary, item_on_display_a
D:4:      vehumet_altar_wand_db, nicolae_overflow_crystal_walls, first_bread
D:6:      minmay_shop_grid_forest, st_stairs_4, dk_noncrumbling_4
D:7:      minmay_temple_entry_fiery, grunt_ministairs_14
D:8:      overflow_temple_1_default, cheibrodos_ashenzari_chains, the_bakery,
          uniq_grum, uniq_joseph
D:9:      minmay_twisted_water, minmay_strange_pillars, uniq_erolcha
D:10:     david_lair_shrubbed, uniq_harold, uniq_erica
D:11:     orc_0_dummy
D:12:     basic_altar, grunt_ministairs_14
D:13:     david_vaults_1, lab_entry_generic, xom_teletrap_fun, uniq_rupert
D:14:     uniq_urug
D:15:     grunt_enter_depths_snipers, kennysheep_flooded_box,
          nicolae_blasting_shop, uniq_josephine
Temple:   eino_temple_scatter_basement
Lair:1:   basic_altar, nicolae_quartered_pool_super, serial_bayou_pond_b,
          eino_small_chamber_without_monster, roderic_batcave,
          beast_lair_carwin_4, serial_bayou_shore_a
Lair:2:   minmay_snake_entry_guardpost_small, grunt_megastairs_1
Lair:3:   minmay_another_anthill, serial_bayou_shore_b
Lair:4:   minmay_shoals_entry_beasts, lemuel_fruit_fields, uniq_nessos
Lair:5:   minmay_slime_entry_oklob_open
Lair:6:   grunt_lair_end_beastmaster, special_room, lookout_lair_type
Shoals:2: portal_ice_cave_entry_pillars_1
Snake:2:  minmay_snake_pond, uniq_vashnia
Snake:3:  nicolae_snake_nest, basic_altar, serial_shops, shop, minmay_shoptagon,
          uniq_mara
Orc:1:    mines2_david
Orc:2:    grunt_orc_community_town_hall, grunt_orc_community_big_house_1,
          grunt_orc_community_big_house_1, grunt_orc_community_house_2,
          grunt_orc_community_house_1, grunt_orc_community_house_2,
          grunt_orc_community_house_2, grunt_orc_community_house_1,
          grunt_orc_community_house_3
Elf:1:    elf_arrival_001, nicolae_trove_entry_path_of_doom,
          minmay_elf_crystal_heptagon, sword_in_stone
Elf:2:    serial_shops, nicolae_shop_competitors_out_of_business
Depths:1: enter_ziggurat_f, abyss_entry_small_statue_room, hellmouth_1,
          pan_entry, hex_medium, serial_bayou, serial_bayou_pond_d,
          serial_bayou_ford_a, serial_bayou_lake_a, serial_bayou_pond_b,
          laboratory
Depths:2: minmay_expanding_squares, grunt_decor_mini_mirrors, lightli_too_deep,
          infiniplex_staircase_pillars_3a, serial_bayou_shore_b, uniq_aizul
Abyss:3:  evilmike_abyss_exit_vortex
Lab:      labyrinth_spiral, labyrinth_skeletal_remains, nicolae_lab_quarters,
          nicolae_lab_big_swirl, lab_statue, nicolae_lab_hexagon,
          nicolae_lab_swirl, nicolae_lab_t_cross
IceCv:    ice_cave_caverns_02

Skill      XL: |  1  2  3  4  5  6  7  8  9 10 11 12 13 14 15 16 17 18 |
---------------+-------------------------------------------------------+-----
Conjurations   | 2 3 4 5 8 10 11 12 | 12.8
Translocations | 1 2 3 |  3.6
Poison Magic   | 2 5 |  5.9
Air Magic      | 1 2 3 4 |  4.3
Fighting       | 2 3 5 7 8 9 11 12 | 12.3
Maces & Flails | 1 3 5 7 8 10 11 | 11.6
Spellcasting   | 6 7 8 10 | 10.2
Invocations    | 4 6 9 10 12 14 15 | 15.0
Earth Magic    | 1 7 8 10 | 10.6
Charms         | 3 4 |  4.2
Dodging        | 2 4 |  4.4
Shields        | 2 6 |  6.6
Armour         | 5 12 | 12.5
Summonings     | 4 8 9 |  9.0
Stealth        | |  2.1

Action                   |  1- 3 |  4- 6 |  7- 9 | 10-12 | 13-15 | 16-18 || total
-------------------------+-------+-------+-------+-------+-------+-------++-------
Melee: Whip              |    42 |    37 |       |       |       |       ||    79
       Flail             |       |     7 |   131 |   190 |       |       ||   328
       Morningstar       |       |       |       |   389 |   983 |  1510 ||  2882
       Punch             |       |       |       |     1 |     1 |     1 ||     3
Throw: Throwing net      |       |       |       |     1 |       |     2 ||     3
       Javelin           |       |       |       |       |       |    45 ||    45
 Cast: Magic Dart        |    68 |    86 |   202 |   497 |   571 |   230 ||  1654
       Mephitic Cloud    |       |     2 |    15 |    35 |    46 |    38 ||   136
       Iron Shot         |       |       |       |    12 |    85 |   116 ||   213
       Iskenderun's Batt |       |       |       |    11 |    42 |    30 ||    83
       Blink             |       |       |       |     3 |     2 |    17 ||    22
       Conjure Flame     |       |       |       |     1 |     1 |     5 ||     7
       Apportation       |       |       |       |       |     1 |     5 ||     6
Invok: Heroism           |       |       |     2 |    17 |    22 |    33 ||    74
       Finesse           |       |       |       |       |       |     3 ||     3
 Abil: Fly               |       |       |       |       |     1 |     3 ||     4
       Stop Flying       |       |       |       |       |     1 |     2 ||     3
Evoke: Wand              |       |       |     2 |     1 |     7 |     4 ||    14
       Phial of floods   |       |       |       |       |       |     1 ||     1
  Use: Scroll            |     7 |     2 |     7 |    14 |    14 |    17 ||    61
       Potion            |       |     6 |     2 |     9 |     6 |    12 ||    35
 Stab: Confused          |       |       |     1 |    10 |    13 |    12 ||    36
       Sleeping          |       |       |     1 |     4 |     3 |     3 ||    11
       Paralysed         |       |       |       |       |     3 |       ||     3
       Petrified         |       |       |       |       |    22 |       ||    22
       Petrifying        |       |       |       |       |     1 |       ||     1
       Distracted        |       |       |       |       |     1 |     1 ||     2
  Eat: Chunk             |     2 |     3 |     9 |    17 |    48 |    28 ||   107
       Fruit             |     2 |     1 |       |     3 |     7 |     2 ||    15
       Royal jelly       |       |     1 |     1 |       |    12 |     4 ||    18
       Bread ration      |       |       |       |     4 |       |     8 ||    12
       Meat ration       |       |       |       |       |       |     1 ||     1
Armor: Robe              |    19 |    20 |   119 |   596 |   306 |       ||  1060
       Leather armour    |       |       |       |       |   314 |   889 ||  1203
Dodge: Dodged            |    26 |    26 |   148 |   499 |   706 |   885 ||  2290
       Deflected         |       |       |       |       |    21 |    87 ||   108
Block: Other             |     2 |     3 |     2 |       |       |       ||     7
       Buckler           |       |       |       |       |   249 |   522 ||   771
